AA
CHARLESTON REBELS @ WASHINGTON OAKS
06/05/2060
 
TOP OF THE 1ST
Charleston Rebels batting - Pitching for Washington Oaks : RHP L.J. Scott
Pitching: RHP L.J. Scott
Batting: LHB Devin Clark 0-0: Called Strike
0-1: Foul Ball, location: 2F
0-2: Strikes out looking
Batting: RHB Brant Hartman 0-0: Ball
1-0: Ball
2-0: Ground out 6-3 (Groundball, 6, EV 93.1 MPH)
Batting: RHB Zachary LaFerriere 0-0: Called Strike
0-1: Fly out, F7 (Line Drive, 78M, EV 110.6 MPH)
Top of the 1st over - 0 runs, 0 hits, 0 errors, 0 left on base; Charleston 0 - Washington 0
BOTTOM OF THE 1ST
Washington Oaks batting - Pitching for Charleston Rebels : RHP James Knolle
Pitching: RHP James Knolle
Batting: RHB Parker Capalbo 0-0: Bunt for hit to 13 - play at first, batter OUT! 1-3
Batting: SHB Benny Adcox 0-0: Foul Ball, location: 2F
0-1: Foul Ball, location: 2F
0-2: Ball
1-2: Foul Ball, location: 2F
1-2: Ground out 6-3 (Groundball, 6M, EV 76.2 MPH)
Batting: SHB Malcolm Peters 0-0: Foul Ball, location: 2F
0-1: Ball
1-1: SINGLE (Flyball, 6D, EV 88.8 MPH)
Batting: LHB Elmer Duquette 0-0: Ball
1-0: Swinging Strike
1-1: Ball
Malcolm Peters is caught stealing 2nd base 2-6
Bottom of the 1st over - 0 runs, 1 hit, 0 errors, 0 left on base; Charleston 0 - Washington 0
TOP OF THE 2ND
Charleston Rebels batting - Pitching for Washington Oaks : RHP L.J. Scott
Batting: LHB Chance Sprenkle 0-0: Ball
1-0: Fly out, F4 (Line Drive, 4, EV 73.1 MPH)
Batting: RHB Quinton Powell 0-0: Ball
1-0: Called Strike
1-1: Foul Ball, location: 2F
1-2: Fly out, F5 (Line Drive, 5L, EV 77.5 MPH)
Batting: LHB Nicholas Murphy 0-0: SOLO HOME RUN (Flyball, 89XD, EV 103.8 MPH), Distance : 373 ft
Batting: LHB Benardrick Bajraktari 0-0: Ball
1-0: Ball
2-0: Called Strike
2-1: Foul Ball, location: 2F
2-2: Ball
3-2: Strikes out swinging
Top of the 2nd over - 1 run, 1 hit, 0 errors, 0 left on base; Charleston 1 - Washington 0
BOTTOM OF THE 2ND
Washington Oaks batting - Pitching for Charleston Rebels : RHP James Knolle
Batting: LHB Elmer Duquette 0-0: SOLO HOME RUN (Flyball, 9D, EV 95.0 MPH), Distance : 373 ft
Batting: LHB Ethan DeBoer 0-0: Swinging Strike
0-1: Foul Ball, location: 2F
0-2: Ball
1-2: Foul Ball, location: 2F
1-2: Fly out, F7 (Flyball, 78S, EV 83.1 MPH)
Batting: SHB Frank Kimery 0-0: Foul Ball, location: 2F
0-1: Ball
1-1: Swinging Strike
1-2: Strikes out swinging
Batting: RHB Tristin Curtis 0-0: Ball
1-0: Ball
2-0: Called Strike
2-1: Swinging Strike
2-2: Strikes out swinging
Bottom of the 2nd over - 1 run, 1 hit, 0 errors, 0 left on base; Charleston 1 - Washington 1
TOP OF THE 3RD
Charleston Rebels batting - Pitching for Washington Oaks : RHP L.J. Scott
Batting: RHB Jarred Franklin 0-0: Ball
1-0: Foul Ball, location: 2F
1-1: Ball
2-1: Ball
3-1: Base on Balls
Batting: RHB Killian Gachukia 0-0: Foul Ball, location: 2F
0-1: Swinging Strike
0-2: Ball
1-2: Ball
Wild Pitch!
Jarred Franklin to second
2-2: Strikes out swinging, 2-3 out at first.
Batting: LHB Devin Clark 0-0: Foul Ball, location: 2F
0-1: Ball
1-1: Ball
2-1: Called Strike
2-2: Foul Ball, location: 2F
2-2: Ground out 6-3 (Groundball, 56, EV 85.6 MPH)
Batting: RHB Brant Hartman 0-0: Called Strike
0-1: Swinging Strike
0-2: Ball
1-2: Strikes out swinging
Top of the 3rd over - 0 runs, 0 hits, 0 errors, 1 left on base; Charleston 1 - Washington 1
BOTTOM OF THE 3RD
Washington Oaks batting - Pitching for Charleston Rebels : RHP James Knolle
Batting: RHB Erick Hartman 0-0: Swinging Strike
0-1: Ball
1-1: Ball
2-1: Ground out 5-3 (Groundball, 56, EV 87.5 MPH)
Batting: RHB Andrew Stejskal 0-0: Called Strike
0-1: Swinging Strike
0-2: Ball
1-2: Strikes out swinging
Batting: RHB Parker Capalbo 0-0: Called Strike
0-1: Foul Ball, location: 2F
0-2: Strikes out swinging
Bottom of the 3rd over - 0 runs, 0 hits, 0 errors, 0 left on base; Charleston 1 - Washington 1
TOP OF THE 4TH
Charleston Rebels batting - Pitching for Washington Oaks : RHP L.J. Scott
Batting: RHB Zachary LaFerriere 0-0: Ball
1-0: Ball
2-0: Ball
3-0: Called Strike
3-1: Base on Balls
Batting: LHB Chance Sprenkle 0-0: Foul Ball, location: 2F
0-1: Ball
1-1: Foul Ball, location: 2F
1-2: Strikes out looking
Batting: RHB Quinton Powell 0-0: DOUBLE (Flyball, 8RXD, EV 105.0 MPH)
Zachary LaFerriere to third
Batting: LHB Nicholas Murphy 0-0: Swinging Strike
0-1: Ball
1-1: Swinging Strike
1-2: Foul Ball, location: 2F
1-2: Strikes out looking and he ARGUES THE CALL AND IS TOSSED!
Batting: LHB Benardrick Bajraktari 0-0: Ball
1-0: Called Strike
1-1: SINGLE (Line Drive, 7LM, EV 100.6 MPH)
Zachary LaFerriere scores
Quinton Powell to third
Runner from 3rd tries for Home, SAFE, throw by LF to home
Batting: RHB Jarred Franklin 0-0: Ball
1-0: Ball
2-0: Foul Ball, location: 2F
2-1: Ball
3-1: SINGLE (Groundball, 56D, EV 99.4 MPH)
Benardrick Bajraktari to second
Batting: RHB Killian Gachukia 0-0: Ball
1-0: Ball
2-0: Foul Ball, location: 2F
2-1: Ball
3-1: Swinging Strike
3-2: Strikes out swinging
Top of the 4th over - 2 runs, 3 hits, 0 errors, 2 left on base; Charleston 3 - Washington 1
BOTTOM OF THE 4TH
Washington Oaks batting - Pitching for Charleston Rebels : RHP James Knolle
Now in LF: Keith Parham
Batting: SHB Benny Adcox 0-0: Ball
1-0: Ground out 6-3 (Groundball, 6, EV 104.4 MPH)
Batting: SHB Malcolm Peters 0-0: Foul Ball, location: 2F
0-1: Foul Ball, location: 2F
0-2: Foul Ball, location: 2F
0-2: Foul Ball, location: 2F
0-2: Strikes out swinging
Batting: LHB Elmer Duquette 0-0: Called Strike
0-1: Foul Ball, location: 2F
0-2: Ball
1-2: Strikes out swinging
Bottom of the 4th over - 0 runs, 0 hits, 0 errors, 0 left on base; Charleston 3 - Washington 1
TOP OF THE 5TH
Charleston Rebels batting - Pitching for Washington Oaks : RHP L.J. Scott
Batting: LHB Devin Clark 0-0: Swinging Strike
0-1: Swinging Strike
0-2: Strikes out swinging
Batting: RHB Brant Hartman 0-0: Swinging Strike
0-1: Foul Ball, location: 2F
0-2: Strikes out looking
Batting: RHB Zachary LaFerriere 0-0: Fly out, F8 (Line Drive, 8RS, EV 91.2 MPH)
Top of the 5th over - 0 runs, 0 hits, 0 errors, 0 left on base; Charleston 3 - Washington 1
BOTTOM OF THE 5TH
Washington Oaks batting - Pitching for Charleston Rebels : RHP James Knolle
Batting: LHB Ethan DeBoer 0-0: Ball
1-0: Foul Ball, location: 2F
1-1: Ground out 4-3 (Groundball, 4S, EV 79.4 MPH)
Batting: SHB Frank Kimery 0-0: Ball
1-0: Fly out, F6 (Popup, 6S, EV 75.6 MPH)
Batting: RHB Tristin Curtis 0-0: Called Strike
0-1: Foul Ball, location: 2F
0-2: Foul Ball, location: 2F
0-2: Foul Ball, location: 2F
0-2: Ball
1-2: Strikes out swinging
Bottom of the 5th over - 0 runs, 0 hits, 0 errors, 0 left on base; Charleston 3 - Washington 1
TOP OF THE 6TH
Charleston Rebels batting - Pitching for Washington Oaks : RHP L.J. Scott
Batting: LHB Chance Sprenkle 0-0: Ball
1-0: Swinging Strike
1-1: Swinging Strike
1-2: Foul Ball, location: 2F
1-2: Fly out, F8 (Line Drive, 8RD, EV 104.4 MPH)
Batting: RHB Quinton Powell 0-0: Called Strike
0-1: Swinging Strike
0-2: Ball
1-2: Strikes out swinging
Batting: SHB Keith Parham 0-0: Foul Ball, location: 2F
0-1: Called Strike
0-2: SINGLE (Flyball, 89S, EV 92.5 MPH)
Batting: LHB Benardrick Bajraktari 0-0: Foul Ball, location: 2F
0-1: Foul Ball, location: 2F
0-2: Ball
1-2: Foul Ball, location: 2F
1-2: Foul Ball, location: 2F
1-2: Ball
2-2: Strikes out swinging
Top of the 6th over - 0 runs, 1 hit, 0 errors, 1 left on base; Charleston 3 - Washington 1
BOTTOM OF THE 6TH
Washington Oaks batting - Pitching for Charleston Rebels : RHP James Knolle
Batting: RHB Erick Hartman 0-0: Foul Ball, location: 2F
0-1: Swinging Strike
0-2: Ball
1-2: Ball
2-2: Strikes out swinging
Batting: RHB Andrew Stejskal 0-0: Foul Ball, location: 2F
0-1: Ball
1-1: Fly out, F6 (Popup, P, EV 78.1 MPH)
Batting: RHB Parker Capalbo 0-0: Ball
1-0: Swinging Strike
1-1: Fly out, F3 (Line Drive, 3, EV 63.8 MPH)
Bottom of the 6th over - 0 runs, 0 hits, 0 errors, 0 left on base; Charleston 3 - Washington 1
TOP OF THE 7TH
Charleston Rebels batting - Pitching for Washington Oaks : RHP L.J. Scott
Batting: RHB Jarred Franklin 0-0: Hit by Pitch
Batting: RHB Killian Gachukia 0-0: Sac Bunt to 2L - play at first, batter OUT! 2-3
Jarred Franklin to second
Batting: LHB Devin Clark 0-0: Intentional Walk
Pitching: LHP De'Vegas Guzman
Batting: RHB Brant Hartman 0-0: Called Strike
0-1: Swinging Strike
0-2: SINGLE (Line Drive, 56, EV 93.8 MPH)
Jarred Franklin to third
Devin Clark to second
Batting: RHB Zachary LaFerriere 0-0: Ball
1-0: Ball
2-0: Called Strike
2-1: Ball
3-1: Base on Balls
Jarred Franklin scores
Devin Clark to third
Brant Hartman to second
Batting: LHB Chance Sprenkle 0-0: Ball
1-0: Called Strike
1-1: Grounds into double play, 2-3 (Groundball, 13S, EV 65.6 MPH)
Top of the 7th over - 1 run, 1 hit, 0 errors, 2 left on base; Charleston 4 - Washington 1
BOTTOM OF THE 7TH
Washington Oaks batting - Pitching for Charleston Rebels : RHP James Knolle
Batting: SHB Benny Adcox 0-0: Foul Ball, location: 2F
0-1: SINGLE (Groundball, 6MD, EV 94.4 MPH)
Batting: SHB Malcolm Peters 0-0: Ball
1-0: Ball
2-0: Ball
Benny Adcox steals 2nd base
3-0: Called Strike
3-1: Foul Ball, location: 2F
3-2: Base on Balls
Batting: LHB Elmer Duquette 0-0: Called Strike
0-1: Ball
1-1: Ball
2-1: Fielders Choice at 2nd, 3-6 (Groundball, 3D, EV 103.1 MPH)
Benny Adcox to third
Batting: LHB Ethan DeBoer 0-0: Foul Ball, location: 2F
0-1: Called Strike
0-2: Ball
1-2: Ball
2-2: Ball
3-2: Ground out 5-3 (Groundball, 6S, EV 86.2 MPH)
Elmer Duquette to second
Batting: SHB Frank Kimery 0-0: Ball
1-0: SINGLE (Groundball, 3D, EV 101.2 MPH)
Benny Adcox scores
Elmer Duquette to third
Runner from 3rd tries for Home, SAFE, throw by RF to home
Frank Kimery to second
Batting: RHB Tristin Curtis 0-0: Called Strike
0-1: Called Strike
0-2: Foul Ball, location: 2F
0-2: Strikes out swinging
Bottom of the 7th over - 2 runs, 2 hits, 0 errors, 1 left on base; Charleston 4 - Washington 3
TOP OF THE 8TH
Charleston Rebels batting - Pitching for Washington Oaks : LHP De'Vegas Guzman
Batting: RHB Quinton Powell 0-0: Ball
1-0: Ball
2-0: Foul Ball, location: 2F
2-1: Foul Ball, location: 2F
2-2: Strikes out swinging
Batting: SHB Keith Parham 0-0: Swinging Strike
0-1: Swinging Strike
0-2: Foul Ball, location: 2F
0-2: Ball
1-2: Foul Ball, location: 2F
1-2: Strikes out looking
Batting: LHB Benardrick Bajraktari 0-0: Called Strike
0-1: Ball
1-1: Ball
2-1: Ball
3-1: Called Strike
3-2: Strikes out looking
Top of the 8th over - 0 runs, 0 hits, 0 errors, 0 left on base; Charleston 4 - Washington 3
BOTTOM OF THE 8TH
Washington Oaks batting - Pitching for Charleston Rebels : RHP James Knolle
Batting: RHB Erick Hartman 0-0: Called Strike
0-1: Ball
1-1: Called Strike
1-2: Ground out 5-3 (Groundball, 5, EV 87.5 MPH)
Pinch Hitting: LHB Topher Delano 0-0: Ball
1-0: Called Strike
1-1: Foul Ball, location: 2F
1-2: Strikes out swinging
Batting: RHB Parker Capalbo 0-0: Ball
1-0: Ball
2-0: Foul Ball, location: 2F
2-1: Ball
3-1: Foul Ball, location: 2F
3-2: Base on Balls
Pitching: RHP Payton Goodwin
Batting: SHB Benny Adcox 0-0: Ball
1-0: Ball
2-0: Called Strike
2-1: Ball
3-1: Swinging Strike
3-2: Foul Ball, location: 2F
3-2: Foul Ball, location: 2F
3-2: Ground out 4-3 (Groundball, 4, EV 77.5 MPH)
Bottom of the 8th over - 0 runs, 0 hits, 0 errors, 1 left on base; Charleston 4 - Washington 3
TOP OF THE 9TH
Charleston Rebels batting - Pitching for Washington Oaks : LHP De'Vegas Guzman
Pitching: RHP Jayden Andre
Now at 2B: Frank Kimery
Now at 3B: Topher Delano
Now at SS: Tristin Curtis
Batting: RHB Jarred Franklin 0-0: Fly out, F9 (Flyball, 9LS, EV 75.6 MPH)
Batting: RHB Killian Gachukia 0-0: Ball
1-0: Called Strike
1-1: Called Strike
1-2: Ball
2-2: Strikes out swinging
Batting: LHB Devin Clark 0-0: Ball
1-0: Ball
2-0: Called Strike
2-1: SINGLE (Groundball, 3D, EV 95.6 MPH)
Batting: RHB Brant Hartman 0-0: Ball
Devin Clark steals 2nd base
1-0: Fly out, F9 (Flyball, 9D, EV 102.5 MPH)
Top of the 9th over - 0 runs, 1 hit, 0 errors, 1 left on base; Charleston 4 - Washington 3
BOTTOM OF THE 9TH
Washington Oaks batting - Pitching for Charleston Rebels : RHP Payton Goodwin
Pitching: RHP Jahvari Bagwell
Batting: SHB Malcolm Peters 0-0: Ball
1-0: Called Strike
1-1: SINGLE (Flyball, 78S, EV 91.2 MPH)
Batting: LHB Elmer Duquette 0-0: Called Strike
0-1: Ball
1-1: Foul Ball, location: 2F
1-2: Fly out, F7 (Line Drive, 7S, EV 101.2 MPH)
Batting: LHB Ethan DeBoer 0-0: Swinging Strike
0-1: Ball
1-1: SINGLE (Groundball, 34D, EV 104.4 MPH)
Malcolm Peters to second
Runner from 2nd tries for 3rd, SAFE, throw by RF made to third
Batting: SHB Frank Kimery 0-0: Ball
1-0: Ball
2-0: Ball
3-0: Called Strike
3-1: Fielders Choice at 2nd, 3-6 (Groundball, 3, EV 96.2 MPH)
Malcolm Peters scores
Batting: RHB Tristin Curtis 0-0: Called Strike
0-1: Ball
1-1: Ball
Frank Kimery is caught stealing 2nd base 2-4
Bottom of the 9th over - 1 run, 2 hits, 0 errors, 0 left on base; Charleston 4 - Washington 4
TOP OF THE 10TH
Charleston Rebels batting - Pitching for Washington Oaks : RHP Jayden Andre
Batting: RHB Zachary LaFerriere 0-0: Fly out, F8 (Line Drive, 8LM, EV 90.6 MPH)
Batting: LHB Chance Sprenkle 0-0: Ball
1-0: Swinging Strike
1-1: Swinging Strike
1-2: Foul Ball, location: 2F
1-2: Fly out, F5 (Flyball, 5D, EV 96.9 MPH)
Batting: RHB Quinton Powell 0-0: Ball
1-0: Ball
2-0: Foul Ball, location: 2F
2-1: Ball
3-1: Swinging Strike
3-2: Fly out, F8 (Flyball, 8LM, EV 95.0 MPH)
Top of the 10th over - 0 runs, 0 hits, 0 errors, 0 left on base; Charleston 4 - Washington 4
BOTTOM OF THE 10TH
Washington Oaks batting - Pitching for Charleston Rebels : RHP Jahvari Bagwell
Pitching: RHP Clarence Price
Batting: RHB Tristin Curtis 0-0: Ball
1-0: Ball
2-0: SINGLE (Groundball, 34D, EV 101.2 MPH) (infield hit)
Batting: RHB Erick Hartman 0-0: Called Strike
Tristin Curtis steals 2nd base
0-1: Ball
Tristin Curtis is caught stealing 3rd base 2-5
1-1: Called Strike
1-2: SINGLE (Line Drive, 6M, EV 96.9 MPH)
Batting: LHB Topher Delano 0-0: Called Strike
0-1: Swinging Strike
0-2: Ball
1-2: Ball
2-2: SINGLE (Flyball, 8LS, EV 95.6 MPH)
Erick Hartman to second
Batting: RHB Parker Capalbo 0-0: SINGLE (Groundball, 56D, EV 107.5 MPH)
Erick Hartman to third
Topher Delano to second
Batting: SHB Benny Adcox 0-0: Ball
1-0: Ball
2-0: Foul Ball, location: 2F
2-1: Ball
3-1: Called Strike
3-2: Base on Balls
Erick Hartman scores
Topher Delano to third
Parker Capalbo to second
Bottom of the 10th over - 1 run, 4 hits, 0 errors, 3 left on base; Charleston 4 - Washington 5
Sunday, May 5th , 2024 - OOTP Baseball 23.10 Build 110